 Dungeon Crawl Stone Soup version 0.30-a0-722-g3e6e8c874d (webtiles) character file.

Game seed: 18337249799293983296

85 IdlyInterested the Cutter (level 4, -4/35 HPs)
             Began as a Demonspawn Fighter on Jan 27, 2023.
             Slain by a worm (6 damage)
             ... on level 2 of the Dungeon.
             The game lasted 00:03:13 (829 turns).

IdlyInterested the Cutter (Demonspawn Fighter)       Turns: 829, Time: 00:03:14

Health: -4/35      AC:  6    Str: 16    XL:     4   Next: 25%
Magic:  4/4        EV: 10    Int:  9    God:
Gold:   50         SH:  5    Dex: 15    Spells: 3/3 levels left

rFire   . . .      SeeInvis .    a - +0 rapier
rCold   . . .      Faith    .    c - +0 buckler
rNeg    . . .      Spirit   .    b - +0 scale mail
rPois   .          Reflect  .    (no helmet)
rElec   .          Harm     .    (no cloak)
rCorr   .          Rampage  .    (no gloves)
Will    .....                    (no boots)
Stlth   +                        (no amulet)
HPRegen 0.25/turn                (no ring)
MPRegen 0.09/turn                (no ring)

@: hasted, very quick
A: powered by death 1, powered by pain 1, sturdy frame 1
a: no special abilities


You were on level 2 of the Dungeon.
You visited 1 branch of the dungeon, and saw 2 of its levels.

You collected 50 gold pieces.

Inventory:

Hand Weapons
 a - a +0 rapier (weapon)
Missiles
 g - 13 stones (quivered)
 k - 4 javelins
Armour
 b - a +0 scale mail (worn)
 c - a +0 buckler (worn)


   Skills:
 - Level 3.0 Fighting
 * Level 3.5 Short Blades
 - Level 3.0 Armour
 + Level 1.3 Dodging
 - Level 2.6 Shields


You had 3 spell levels left.
You didn't know any spells.
Your spell library was empty.

Dungeon Overview and Level Annotations

Branches:
Dungeon (2/15)

Altars:


Innate Abilities, Weirdness & Mutations

You regenerate a little health from kills.
You sometimes gain a little power by taking damage.
Your movements are slightly less encumbered by armour. (ER -2)


Message History

Jessica barely misses you.
The frilled lizard bites you but does no damage.
You hit Jessica.
Jessica is almost dead.
Jessica gestures at you while chanting.
You barely resist. The frilled lizard barely misses you.
Jessica casts a spell at you.
You barely resist. The frilled lizard bites you.
You hit Jessica.
You kill Jessica!
The frilled lizard bites you but does no damage.
You have reached level 4!
You feel agile.
Your demonic ancestry asserts itself...
You feel less encumbered by your armour.
You hit the frilled lizard.
You kill the frilled lizard!
The worm bites you.
You hit the worm.
The worm is lightly wounded.
The worm bites you!
You hit the worm.
The worm is lightly wounded.
The worm misses you.
You hit the worm.
The worm is moderately wounded.
The worm bites you.
* * * LOW HITPOINT WARNING * * *
You barely miss the worm.
The worm is moderately wounded.
You block the worm's attack.
You hit the worm but do no damage.
The worm is moderately wounded.
You feel yourself speed up. The worm bites you.
* * * LOW HITPOINT WARNING * * *
You feel yourself speed up.
You hit the worm.
The worm is heavily wounded.
The worm bites you.
You die...

...... #).. #..# #..#
#..# #..########
#..@.......
###.###...... #...w@..#
# #..###### #..# ##
###..#### #. #.......# #
#. #.#####.######.#.# #.
#.# #...<..#.#.#####.#
#.#####....<.........#..
#....##.#....†.#.###.##.


You could see a worm.

Vanquished Creatures
  Jessica (D:2)
  A gnoll (D:1)
  An adder (D:2)
  A worm (D:2)
  A dart slug (D:1)
  3 bats
  An endoplasm (D:1)
  2 giant cockroaches (D:1)
  A goblin (D:1)
  4 hobgoblins
  7 jackals (D:1)
  2 quokkas (D:1)
  2 ball pythons (D:1)
  A frilled lizard (D:2)
  2 kobolds (D:2)
  4 rats (D:1)
34 creatures vanquished.

Notes
Turn   | Place    | Note
-------+----------+-------------------------------------------
     0 | D:1      | IdlyInterested the Demonspawn Fighter began the quest for
                  | the Orb.
     0 | D:1      | Reached XP level 1. HP: 18/18 MP: 1/1
    88 | D:1      | Found a faded altar of an unknown god.
   172 | D:1      | Gained mutation: You regenerate a little health from kills.
                  | [demonic ancestry]
   172 | D:1      | Reached XP level 2. HP: 24/24 MP: 2/2
   291 | D:1      | Gained mutation: You sometimes gain a little power by
                  | taking damage. [demonic ancestry]
   291 | D:1      | Reached XP level 3. HP: 6/29 MP: 3/3
   801 | D:2      | Noticed Jessica
   814 | D:2      | Reached skill level 1 in Dodging
   821 | D:2      | Killed Jessica
   822 | D:2      | Gained mutation: Your movements are slightly less
                  | encumbered by armour. (ER -2) [demonic ancestry]
   822 | D:2      | Reached XP level 4. HP: 17/35 MP: 4/4
   829 | D:2      | Slain by a worm

Illustrated notes

Levels and vault maps discovered:
D:1:      eino_arrival_druids_welcome, layout_basic,
          ebering_ecumenical_altar_sacrificial, skrybe_limestone_x,
          serial_bayou_pond_b
D:2:      layout_loops_ring, minivault_5, uniq_natasha, uniq_jessica,
          uniq_terence

Skill      XL: |  1  2  3 |
---------------+----------+-----
Short Blades   | 2 3 |  3.5
Armour         | 3 |  3.0
Dodging        | 1 |  1.3
Fighting       | |  3.0
Shields        | |  2.6

Action                     |  1- 3 |  4- 6 || total
---------------------------+-------+-------++-------
  Melee: Rapier            |   137 |     7 ||   144
    Use: Potion            |     1 |     1 ||     2
         Scroll            |     6 |       ||     6
 Armour: Scale mail        |    95 |       ||    95
  Dodge: Dodged            |    80 |     1 ||    81
  Block: Buckler           |    44 |     1 ||    45

Table legend: (Time is in decaauts)
 A = Elapsed time spent in this place.
 B = Non-inter-level travel time spent in this place.
 C = Inter-level travel time spent in this place.
 D = Time resting spent in this place.
 E = Time spent auto-exploring this place.
 F = Levels seen in this place.
 G = Mean time per level.
                   A        B        C        D        E       F      G
               +--------+--------+--------+--------+--------+-----+--------+
         Total |    851 |    778 |     73 |     92 |    350 |   2 |  425.5 |
       Dungeon |    851 |    778 |     73 |     92 |    350 |   2 |  425.5 |
               +--------+--------+--------+--------+--------+-----+--------+

Top non-repeatable levels by time:
     D:1: 700 daAuts
     D:2: 150 daAuts
